[ AOE2 MATCH · #473874903 ]
UnrankedBerbers vs Bengalis
[ REPLAY ANALYSIS · EXTRACTED FROM THE RECORDED GAME ]
Feudal
—
Castle
—
Imperial
—
| APM avg | 2.4 |
| APM peak | 45 |
| eAPM avg | 0.8 |
| Villagers / military | 9 / 0 |
Focus
⚔️ 0.0% · 🌾 100.0%
Feudal
10:34
Castle
25:02
Imperial
33:23
| APM avg | 35.3 |
| APM peak | 74 |
| eAPM avg | 20.6 |
| Villagers / military | 47 / 23 |
Focus
⚔️ 42.0% · 🌾 58.0%
Monk ×17 · Bombard Cannon ×5 · Petard ×1
Feudal
9:46
Castle
26:10
Imperial
30:32
| APM avg | 45.2 |
| APM peak | 85 |
| eAPM avg | 24.7 |
| Villagers / military | 100 / 60 |
Focus
⚔️ 33.3% · 🌾 66.7%
Archer ×26 · Spearman ×15 · Skirmisher ×5 · Trebuchet (Packed) ×5 · Militia ×4 · Mangonel ×2
Feudal
11:09
Castle
14:39
Imperial
—
| APM avg | 26.4 |
| APM peak | 70 |
| eAPM avg | 16.9 |
| Villagers / military | 101 / 101 |
Focus
⚔️ 40.9% · 🌾 59.1%
Cavalry Archer ×57 · Steppe Lancer ×28 · Battering Ram ×13 · Monk ×2 · Camel Scout ×1
Feudal
9:48
Castle
19:15
Imperial
37:13
| APM avg | 37.0 |
| APM peak | 76 |
| eAPM avg | 22.7 |
| Villagers / military | 134 / 75 |
Focus
⚔️ 23.0% · 🌾 77.0%
Huskarl ×66 · Militia ×4 · Spearman ×4 · Monk ×1
Feudal
11:36
Castle
15:25
Imperial
30:48
| APM avg | 45.7 |
| APM peak | 105 |
| eAPM avg | 22.8 |
| Villagers / military | 132 / 40 |
Focus
⚔️ 24.7% · 🌾 75.3%
Knight ×39 · Mangonel ×1
Feudal
11:31
Castle
15:30
Imperial
28:01
| APM avg | 37.7 |
| APM peak | 66 |
| eAPM avg | 22.5 |
| Villagers / military | 176 / 85 |
Focus
⚔️ 35.9% · 🌾 64.1%
Camel Scout ×52 · Archer ×25 · Monk ×3 · Bombard Cannon ×2 · Trebuchet (Packed) ×2 · Mangonel ×1
Feudal
—
Castle
—
Imperial
—
| APM avg | 0.9 |
| APM peak | 29 |
| eAPM avg | 0.6 |
| Villagers / military | 6 / 0 |
Focus
⚔️ 0.0% · 🌾 100.0%
Match map
Initial resources + every placement click. Lines = walls · curves = elevation contours. ◆ gold · ⬟ stone · ● berries · ✦ relic · ◌ wall gap
Your base· ✓ Closed at 12:00 · 0t walls · no gate
Dangio's base· ✓ Closed at 25:02 · 54t walls · no gate
QNA | Apachai Hopachai's base· ✓ Closed at 26:10 · 38t walls · 3 gate(s)
Sebastianquijanog's base· ✓ Closed at 14:39 · 0t walls · no gate
NPG | Joako's base· Open — opponent sealed themselves in
Contadinu(?)'s base· ✓ Closed at 15:25 · 34t walls · no gate
HR Benja23's base· Open — opponent sealed themselves in
张横's base· Open — opponent sealed themselves in
Smoothed initial terrain · ◌ = detected wall gap · hover for details
Inputs per minute
— 随机必投 - - Dangio
Build order — 随机必投
11 actions detected in the replay
| 0:09 | Queue | Villager (Male) |
| 0:09 | Queue | Villager (Male) |
| 0:09 | Queue | Villager (Male) |
| 0:10 | Queue | Villager (Male) |
| 0:10 | Build | House |
| 0:12 | Build | House |
| 1:36 | Queue | Villager (Male) |
| 1:37 | Queue | Villager (Male) |
| 2:08 | Queue | Villager (Male) |
| 2:08 | Queue | Villager (Male) |
| 2:20 | Queue | Villager (Male) |
Build order — Dangio
First 150 of 167 actions detected
| 0:01 | Queue | Villager (Male) |
| 0:01 | Queue | Villager (Male) |
| 0:02 | Queue | Villager (Male) |
| 0:02 | Queue | Villager (Male) |
| 0:02 | Queue | Villager (Male) |
| 0:04 | Build | House |
| 0:05 | Build | House |
| 1:13 | Queue | Villager (Male) |
| 1:13 | Queue | Villager (Male) |
| 1:56 | Queue | Villager (Male) |
| 2:17 | Queue | Villager (Male) |
| 2:17 | Queue | Villager (Male) |
| 2:25 | Build | Lumber Camp |
| 2:43 | Queue | Villager (Male) |
| 2:43 | Queue | Villager (Male) |
| 2:44 | Queue | Villager (Male) |
| 3:08 | Queue | Villager (Male) |
| 3:08 | Queue | Villager (Male) |
| 3:09 | Queue | Villager (Male) |
| 3:25 | Build | House |
| 3:38 | Queue | Villager (Male) |
| 4:15 | Queue | Villager (Male) |
| 4:15 | Queue | Villager (Male) |
| 4:49 | Research | Loom |
| 4:49 | Research | Loom |
| 5:05 | Queue | Villager (Male) |
| 5:06 | Queue | Villager (Male) |
| 5:09 | Build | House |
| 5:43 | Build | Palisade Wall |
| 5:50 | Build | Palisade Wall |
| 5:59 | Queue | Villager (Male) |
| 6:44 | Queue | Villager (Male) |
| 6:44 | Queue | Villager (Male) |
| 6:49 | Build | Mill |
| 7:23 | Queue | Villager (Male) |
| 8:24 | Research | Feudal Age |
| 8:24 | Research | Feudal Age |
| 9:26 | Queue | Villager (Male) |
| 9:26 | Queue | Villager (Male) |
| 9:27 | Queue | Villager (Male) |
| 10:14 | Build | Palisade Wall |
| 10:30 | Build | Palisade Wall |
| 10:34 | Age | Feudal Age |
| 10:53 | Build | Stone Wall |
| 11:15 | Build | Stone Wall |
| 11:18 | Queue | Villager (Male) |
| 11:18 | Queue | Villager (Male) |
| 11:23 | Build | Palisade Gate |
| 11:56 | Research | Town Watch |
| 11:58 | Build | House |
| 12:00 | Build | Lumber Camp |
| 13:13 | Queue | Villager (Male) |
| 13:13 | Queue | Villager (Male) |
| 13:27 | Build | Watch Tower |
| 15:13 | Research | Double-Bit Axe |
| 15:13 | Research | Double-Bit Axe |
| 15:14 | Queue | Villager (Male) |
| 15:14 | Queue | Villager (Male) |
| 15:18 | Build | House |
| 15:18 | Build | House |
| 15:22 | Build | Mining Camp |
| 15:29 | Build | Stone Wall |
| 15:42 | Queue | Villager (Male) |
| 15:57 | Build | Blacksmith |
| 16:09 | Queue | Villager (Male) |
| 16:16 | Build | Mining Camp |
| 16:33 | Research | Fletching |
| 16:34 | Research | Fletching |
| 16:44 | Build | House |
| 16:45 | Build | House |
| 17:36 | Build | Market |
| 17:40 | Queue | Villager (Male) |
| 17:41 | Queue | Villager (Male) |
| 18:05 | Build | Watch Tower |
| 19:12 | Build | Barracks |
| 19:25 | Queue | Villager (Male) |
| 19:29 | Build | House |
| 19:49 | Build | Mining Camp |
| 20:24 | Build | Farm |
| 20:56 | Build | Farm |
| 21:01 | Build | Farm |
| 21:03 | Build | Farm |
| 21:03 | Build | Farm |
| 21:12 | Build | Farm |
| 21:45 | Build | Farm |
| 22:22 | Research | Castle Age |
| 22:22 | Research | Castle Age |
| 23:32 | Research | Horse Collar |
| 23:32 | Research | Horse Collar |
| 24:25 | Queue | Villager (Male) |
| 24:25 | Queue | Villager (Male) |
| 24:42 | Build | Mining Camp |
| 25:02 | Age | Castle Age |
| 25:08 | Build | Castle |
| 25:21 | Queue | Villager (Male) |
| 25:28 | Build | Monastery |
| 25:30 | Build | Monastery |
| 25:35 | Build | Palisade Wall |
| 25:38 | Build | Palisade Wall |
| 25:40 | Build | Palisade Wall |
| 26:00 | Build | House |
| 26:01 | Build | House |
| 26:05 | Queue | Monk |
| 26:05 | Queue | Monk |
| 26:13 | Queue | Villager (Male) |
| 26:14 | Queue | Villager (Male) |
| 26:16 | Build | Farm |
| 26:51 | Queue | Monk |
| 26:52 | Queue | Monk |
| 26:58 | Build | Farm |
| 26:59 | Build | Farm |
| 27:00 | Build | Farm |
| 27:17 | Queue | Monk |
| 27:17 | Queue | Monk |
| 28:37 | Queue | Petard |
| 29:33 | Build | Farm |
| 29:50 | Build | Stone Wall |
| 29:54 | Build | Stone Wall |
| 30:13 | Research | Imperial Age |
| 30:13 | Research | Imperial Age |
| 30:14 | Research | Imperial Age |
| 31:27 | Research | Redemption |
| 31:27 | Research | Redemption |
| 32:03 | Build | University |
| 32:44 | Research | Chemistry |
| 32:44 | Research | Chemistry |
| 32:44 | Research | Chemistry |
| 32:52 | Build | Siege Workshop |
| 33:23 | Age | Imperial Age |
| 33:32 | Research | Block Printing |
| 33:32 | Research | Block Printing |
| 33:34 | Research | Theocracy |
| 33:34 | Research | Theocracy |
| 34:05 | Queue | Monk |
| 34:09 | Build | Monastery |
| 34:11 | Queue | Villager (Male) |
| 34:11 | Queue | Villager (Male) |
| 34:19 | Queue | Monk |
| 34:26 | Queue | Bombard Cannon |
| 34:32 | Research | Block Printing |
| 34:37 | Queue | Villager (Male) |
| 34:55 | Queue | Monk |
| 35:02 | Queue | Bombard Cannon |
| 35:03 | Queue | Monk |
| 35:04 | Queue | Monk |
| 35:43 | Build | House |
| 35:46 | Build | House |
| 35:46 | Build | House |
| 35:46 | Build | House |
| 35:46 | Build | House |
Build order — QNA | Apachai Hopachai
First 150 of 276 actions detected
| 0:01 | Queue | Villager (Male) |
| 0:02 | Queue | Villager (Male) |
| 0:02 | Queue | Villager (Male) |
| 0:02 | Queue | Villager (Male) |
| 0:03 | Build | House |
| 0:05 | Build | House |
| 1:13 | Queue | Villager (Male) |
| 1:13 | Queue | Villager (Male) |
| 2:06 | Queue | Villager (Male) |
| 2:06 | Queue | Villager (Male) |
| 2:10 | Build | Lumber Camp |
| 2:18 | Queue | Villager (Male) |
| 2:18 | Queue | Villager (Male) |
| 2:57 | Queue | Villager (Male) |
| 2:57 | Queue | Villager (Male) |
| 2:58 | Queue | Villager (Male) |
| 3:36 | Queue | Villager (Male) |
| 3:36 | Queue | Villager (Male) |
| 3:58 | Queue | Villager (Male) |
| 3:58 | Queue | Villager (Male) |
| 4:20 | Build | House |
| 4:29 | Queue | Villager (Male) |
| 4:44 | Queue | Villager (Male) |
| 4:44 | Queue | Villager (Male) |
| 5:14 | Queue | Villager (Male) |
| 5:15 | Queue | Villager (Male) |
| 5:35 | Queue | Villager (Male) |
| 5:35 | Queue | Villager (Male) |
| 5:35 | Queue | Villager (Male) |
| 5:40 | Build | Barracks |
| 5:53 | Queue | Villager (Male) |
| 5:59 | Research | Loom |
| 6:05 | Build | House |
| 6:15 | Build | House |
| 6:44 | Queue | Villager (Male) |
| 7:36 | Research | Feudal Age |
| 7:57 | Queue | Militia |
| 7:58 | Queue | Militia |
| 8:03 | Build | House |
| 8:13 | Queue | Militia |
| 8:41 | Build | Mining Camp |
| 9:06 | Build | Mill |
| 9:28 | Queue | Militia |
| 9:46 | Age | Feudal Age |
| 9:52 | Research | Man-at-Arms (upgrade) |
| 10:11 | Queue | Villager (Male) |
| 10:14 | Build | House |
| 10:39 | Build | Mill |
| 10:39 | Queue | Villager (Male) |
| 10:39 | Queue | Villager (Male) |
| 10:39 | Queue | Villager (Male) |
| 11:32 | Build | Watch Tower |
| 11:49 | Queue | Villager (Male) |
| 11:50 | Queue | Villager (Male) |
| 11:54 | Build | Mining Camp |
| 12:08 | Queue | Villager (Male) |
| 12:28 | Build | Archery Range |
| 12:31 | Build | House |
| 12:40 | Build | Stone Wall |
| 12:42 | Build | Stone Wall |
| 12:44 | Build | Stone Wall |
| 12:49 | Queue | Villager (Male) |
| 12:52 | Queue | Villager (Male) |
| 13:14 | Build | Archery Range |
| 13:17 | Queue | Archer |
| 13:23 | Queue | Villager (Male) |
| 13:28 | Build | House |
| 13:34 | Queue | Archer |
| 13:49 | Build | Mining Camp |
| 13:56 | Queue | Villager (Male) |
| 14:20 | Build | House |
| 14:25 | Queue | Archer |
| 14:40 | Queue | Archer |
| 14:40 | Queue | Archer |
| 15:06 | Queue | Archer |
| 15:06 | Queue | Archer |
| 15:12 | Build | Watch Tower |
| 15:15 | Queue | Archer |
| 15:16 | Queue | Archer |
| 15:18 | Build | House |
| 15:19 | Queue | Villager (Male) |
| 15:20 | Queue | Villager (Male) |
| 15:20 | Queue | Villager (Male) |
| 15:22 | Build | Farm |
| 15:23 | Build | Farm |
| 15:45 | Queue | Archer |
| 15:48 | Queue | Villager (Male) |
| 15:50 | Build | Farm |
| 15:50 | Queue | Villager (Male) |
| 15:50 | Queue | Villager (Male) |
| 15:51 | Queue | Villager (Male) |
| 15:51 | Queue | Villager (Male) |
| 15:55 | Build | House |
| 16:19 | Queue | Archer |
| 16:20 | Queue | Archer |
| 16:38 | Queue | Archer |
| 16:38 | Queue | Archer |
| 16:43 | Queue | Villager (Male) |
| 16:47 | Build | Blacksmith |
| 16:53 | Queue | Villager (Male) |
| 17:02 | Queue | Archer |
| 17:05 | Queue | Villager (Male) |
| 17:07 | Build | Farm |
| 17:22 | Research | Double-Bit Axe |
| 17:22 | Research | Double-Bit Axe |
| 17:25 | Queue | Villager (Male) |
| 17:35 | Queue | Archer |
| 17:42 | Research | Fletching |
| 17:42 | Queue | Villager (Male) |
| 17:47 | Build | Farm |
| 18:27 | Queue | Villager (Male) |
| 18:46 | Queue | Archer |
| 18:46 | Queue | Archer |
| 18:48 | Build | House |
| 18:51 | Queue | Villager (Male) |
| 18:55 | Build | Farm |
| 18:57 | Build | Farm |
| 18:57 | Build | Farm |
| 19:02 | Queue | Archer |
| 19:02 | Queue | Archer |
| 19:35 | Queue | Archer |
| 19:35 | Queue | Archer |
| 19:36 | Queue | Villager (Male) |
| 19:38 | Build | Farm |
| 19:39 | Build | Farm |
| 19:47 | Queue | Archer |
| 19:47 | Queue | Archer |
| 20:05 | Queue | Archer |
| 20:06 | Queue | Villager (Male) |
| 20:07 | Queue | Villager (Male) |
| 20:13 | Build | Market |
| 20:36 | Build | House |
| 20:54 | Build | Stone Wall |
| 21:13 | Build | Stone Wall |
| 21:14 | Build | Gate |
| 21:23 | Queue | Skirmisher |
| 21:24 | Queue | Skirmisher |
| 21:34 | Queue | Archer |
| 21:50 | Queue | Skirmisher |
| 21:56 | Build | Farm |
| 22:02 | Build | Mining Camp |
| 22:15 | Queue | Skirmisher |
| 22:31 | Build | Gate |
| 22:43 | Build | Gate |
| 22:49 | Build | Stone Wall |
| 22:59 | Queue | Villager (Male) |
| 23:28 | Build | Farm |
| 23:30 | Research | Castle Age |
| 23:35 | Build | Lumber Camp |
| 23:37 | Build | Farm |
Build order — Sebastianquijanog
First 150 of 324 actions detected
| 0:01 | Queue | Villager (Male) ×4 |
| 0:01 | Queue | Villager (Male) ×4 |
| 0:02 | Build | House |
| 0:04 | Build | House |
| 1:49 | Queue | Villager (Male) |
| 1:49 | Queue | Villager (Male) |
| 1:49 | Queue | Villager (Male) |
| 2:03 | Build | Lumber Camp |
| 2:21 | Queue | Villager (Male) |
| 2:48 | Queue | Villager (Male) |
| 2:54 | Queue | Villager (Male) |
| 3:38 | Queue | Villager (Male) |
| 3:59 | Build | House |
| 4:00 | Build | House |
| 4:09 | Queue | Villager (Male) |
| 4:24 | Build | Mill |
| 4:36 | Queue | Villager (Male) |
| 4:59 | Queue | Villager (Male) |
| 5:01 | Build | House |
| 5:32 | Queue | Villager (Male) |
| 5:54 | Queue | Villager (Male) |
| 6:08 | Queue | Villager (Male) |
| 6:26 | Queue | Villager (Male) |
| 7:07 | Queue | Villager (Male) |
| 7:17 | Queue | Villager (Male) |
| 7:52 | Queue | Villager (Male) |
| 8:08 | Build | Mill |
| 8:32 | Build | Mill |
| 8:34 | Queue | Villager (Male) |
| 8:35 | Queue | Villager (Male) |
| 8:56 | Build | Mining Camp |
| 8:57 | Research | Feudal Age |
| 10:47 | Queue | Villager (Male) |
| 10:47 | Queue | Villager (Male) |
| 11:09 | Age | Feudal Age |
| 11:10 | Build | Blacksmith |
| 11:12 | Build | Market |
| 11:13 | Queue | Villager (Male) |
| 11:59 | Research | Castle Age |
| 11:59 | Research | Castle Age |
| 12:33 | Research | Double-Bit Axe |
| 12:34 | Research | Horse Collar |
| 13:29 | Build | Barracks |
| 14:09 | Build | House |
| 14:21 | Queue | Villager (Male) |
| 14:39 | Build | Archery Range |
| 14:39 | Age | Castle Age |
| 14:42 | Build | Monastery |
| 14:44 | Queue | Villager (Male) |
| 14:48 | Research | Fletching |
| 14:56 | Research | Loom |
| 14:56 | Queue | Villager (Male) |
| 15:03 | Build | House |
| 15:22 | Queue | Villager (Male) |
| 15:28 | Build | Archery Range |
| 15:31 | Queue | Monk |
| 15:43 | Build | Farm |
| 15:44 | Build | Farm |
| 15:47 | Queue | Cavalry Archer |
| 15:57 | Build | Farm |
| 16:00 | Build | Farm |
| 16:04 | Build | Farm |
| 16:11 | Queue | Villager (Male) |
| 16:15 | Build | Farm |
| 16:27 | Queue | Cavalry Archer |
| 16:28 | Queue | Cavalry Archer |
| 16:49 | Queue | Villager (Male) |
| 16:54 | Queue | Cavalry Archer |
| 16:57 | Queue | Cavalry Archer |
| 17:00 | Build | House |
| 17:05 | Build | Farm |
| 17:20 | Queue | Villager (Male) |
| 17:33 | Build | House |
| 17:36 | Queue | Villager (Male) |
| 17:37 | Queue | Cavalry Archer |
| 17:40 | Queue | Cavalry Archer |
| 17:52 | Build | Farm |
| 17:57 | Build | Farm |
| 18:20 | Research | Bodkin Arrow |
| 18:32 | Build | Siege Workshop |
| 18:46 | Queue | Villager (Male) |
| 18:47 | Queue | Cavalry Archer |
| 18:47 | Queue | Cavalry Archer |
| 18:54 | Build | Farm |
| 19:07 | Build | Farm |
| 19:09 | Queue | Villager (Male) |
| 19:34 | Queue | Villager (Male) |
| 19:40 | Queue | Battering Ram |
| 19:42 | Build | House |
| 19:56 | Queue | Villager (Male) |
| 19:57 | Research | Padded Archer Armor |
| 19:59 | Queue | Cavalry Archer |
| 20:05 | Queue | Cavalry Archer |
| 20:10 | Build | House |
| 20:31 | Queue | Villager (Male) |
| 20:37 | Queue | Battering Ram |
| 20:48 | Build | House |
| 20:51 | Queue | Villager (Male) |
| 21:14 | Queue | Cavalry Archer |
| 21:14 | Queue | Cavalry Archer |
| 21:15 | Queue | Villager (Male) |
| 22:07 | Queue | Villager (Male) |
| 22:09 | Queue | Villager (Male) |
| 22:13 | Build | Town Center |
| 22:23 | Queue | Monk |
| 22:24 | Queue | Villager (Male) |
| 22:26 | Queue | Cavalry Archer |
| 22:26 | Queue | Cavalry Archer |
| 22:27 | Queue | Cavalry Archer |
| 22:55 | Queue | Villager (Male) |
| 23:00 | Build | University |
| 23:25 | Queue | Villager (Male) |
| 23:41 | Queue | Villager (Male) |
| 23:41 | Queue | Villager (Male) |
| 24:24 | Queue | Cavalry Archer |
| 24:25 | Queue | Cavalry Archer |
| 24:25 | Queue | Cavalry Archer |
| 24:26 | Queue | Cavalry Archer |
| 24:28 | Research | Ballistics |
| 24:44 | Queue | Villager (Male) |
| 24:45 | Queue | Villager (Male) |
| 25:09 | Research | Leather Archer Armor |
| 25:16 | Build | Stable |
| 25:21 | Build | House |
| 25:24 | Queue | Villager (Male) |
| 25:28 | Build | Lumber Camp |
| 25:31 | Research | Bow Saw |
| 25:32 | Research | Heavy Plow |
| 25:36 | Research | Gold Mining |
| 26:35 | Research | Bloodlines |
| 26:36 | Research | Husbandry |
| 26:37 | Queue | Villager (Male) |
| 26:38 | Queue | Villager (Male) |
| 26:40 | Build | Stable |
| 26:41 | Queue | Cavalry Archer |
| 26:41 | Queue | Cavalry Archer |
| 26:42 | Queue | Cavalry Archer |
| 26:42 | Queue | Cavalry Archer |
| 26:42 | Queue | Cavalry Archer |
| 26:44 | Queue | Villager (Male) |
| 26:45 | Queue | Villager (Male) |
| 27:23 | Queue | Villager (Male) |
| 27:23 | Queue | Villager (Male) |
| 27:25 | Queue | Villager (Male) |
| 27:25 | Queue | Villager (Male) |
| 27:30 | Build | Farm |
| 27:31 | Build | Farm |
| 27:32 | Build | Farm |
| 27:33 | Build | Farm |
| 27:34 | Build | Farm |
Build order — NPG | Joako
First 150 of 350 actions detected
| 0:01 | Research | Loom |
| 0:01 | Queue | Villager (Male) |
| 0:01 | Queue | Villager (Male) |
| 0:02 | Queue | Villager (Male) |
| 0:02 | Build | House |
| 0:04 | Build | House |
| 0:19 | Queue | Villager (Male) |
| 1:48 | Queue | Villager (Male) |
| 1:56 | Queue | Villager (Male) |
| 1:56 | Queue | Villager (Male) |
| 2:19 | Queue | Villager (Male) |
| 2:22 | Build | Lumber Camp |
| 2:39 | Queue | Villager (Male) |
| 2:39 | Queue | Villager (Male) |
| 2:51 | Queue | Villager (Male) |
| 2:51 | Queue | Villager (Male) |
| 3:48 | Queue | Villager (Male) |
| 3:48 | Queue | Villager (Male) |
| 3:49 | Queue | Villager (Male) |
| 3:55 | Build | House |
| 4:19 | Queue | Villager (Male) |
| 4:39 | Build | Mill |
| 5:02 | Queue | Villager (Male) |
| 5:03 | Queue | Villager (Male) |
| 5:55 | Queue | Villager (Male) |
| 5:59 | Build | House |
| 6:17 | Queue | Villager (Male) |
| 6:24 | Queue | Villager (Male) |
| 6:44 | Queue | Villager (Male) |
| 7:03 | Build | Barracks |
| 7:33 | Research | Feudal Age |
| 7:33 | Research | Feudal Age |
| 8:24 | Build | Mining Camp |
| 8:33 | Build | House |
| 8:40 | Queue | Militia |
| 8:59 | Queue | Militia |
| 9:00 | Build | House |
| 9:16 | Build | Farm |
| 9:21 | Queue | Militia |
| 9:22 | Queue | Militia |
| 9:48 | Age | Feudal Age |
| 9:53 | Build | House |
| 9:54 | Queue | Villager (Male) |
| 9:56 | Research | Man-at-Arms (upgrade) |
| 9:56 | Research | Man-at-Arms (upgrade) |
| 10:10 | Queue | Villager (Male) |
| 10:12 | Build | Farm |
| 10:13 | Queue | Villager (Male) |
| 10:25 | Build | Farm |
| 10:28 | Build | Farm |
| 10:37 | Build | House |
| 10:53 | Queue | Villager (Male) |
| 10:56 | Build | Farm |
| 11:50 | Queue | Villager (Male) |
| 11:52 | Build | Farm |
| 11:53 | Build | Farm |
| 12:17 | Queue | Villager (Male) |
| 12:22 | Build | Mining Camp |
| 12:33 | Queue | Villager (Male) |
| 12:38 | Build | Farm |
| 12:40 | Queue | Villager (Male) |
| 13:09 | Queue | Villager (Male) |
| 13:28 | Build | Blacksmith |
| 13:31 | Queue | Villager (Male) |
| 13:49 | Queue | Villager (Male) |
| 13:51 | Build | Farm |
| 14:11 | Research | Horse Collar |
| 14:11 | Research | Horse Collar |
| 14:25 | Queue | Villager (Male) |
| 14:48 | Queue | Villager (Male) |
| 15:01 | Build | Farm |
| 15:30 | Queue | Villager (Male) |
| 15:53 | Build | Market |
| 16:05 | Queue | Villager (Male) |
| 16:35 | Research | Castle Age |
| 16:35 | Research | Castle Age |
| 16:54 | Build | Farm |
| 16:54 | Build | Farm |
| 17:10 | Research | Double-Bit Axe |
| 17:10 | Research | Double-Bit Axe |
| 17:24 | Build | Farm |
| 17:27 | Build | Farm |
| 19:08 | Build | Farm |
| 19:08 | Build | Farm |
| 19:15 | Age | Castle Age |
| 19:20 | Build | Castle |
| 19:21 | Queue | Villager (Male) |
| 19:31 | Research | Bow Saw |
| 19:31 | Research | Bow Saw |
| 19:34 | Research | Scale Mail Armor |
| 19:34 | Research | Scale Mail Armor |
| 19:37 | Research | Squires |
| 19:38 | Research | Squires |
| 19:43 | Queue | Villager (Male) |
| 19:49 | Build | Farm |
| 20:11 | Queue | Villager (Male) |
| 20:13 | Build | Farm |
| 20:14 | Build | Farm |
| 20:35 | Queue | Villager (Male) |
| 20:41 | Build | Town Center |
| 20:50 | Research | Chain Mail Armor |
| 20:50 | Research | Chain Mail Armor |
| 20:54 | Queue | Huskarl |
| 20:54 | Queue | Huskarl |
| 20:55 | Queue | Huskarl |
| 21:08 | Queue | Villager (Male) |
| 21:11 | Queue | Huskarl |
| 21:29 | Queue | Huskarl |
| 21:30 | Queue | Villager (Male) |
| 21:39 | Build | Farm |
| 21:42 | Queue | Villager (Male) |
| 21:42 | Queue | Villager (Male) |
| 21:56 | Queue | Huskarl |
| 22:04 | Queue | Villager (Male) |
| 22:07 | Build | Farm |
| 22:09 | Build | Farm |
| 22:13 | Queue | Villager (Male) |
| 22:21 | Queue | Huskarl |
| 22:29 | Queue | Villager (Male) |
| 22:31 | Build | Farm |
| 22:33 | Queue | Villager (Male) |
| 22:33 | Queue | Villager (Male) |
| 22:50 | Queue | Villager (Male) |
| 22:56 | Build | Farm |
| 22:58 | Build | Farm |
| 23:01 | Queue | Huskarl |
| 23:02 | Queue | Villager (Male) |
| 23:03 | Queue | Villager (Male) |
| 23:20 | Queue | Huskarl |
| 23:22 | Queue | Villager (Male) |
| 23:22 | Queue | Villager (Male) |
| 23:26 | Queue | Villager (Male) |
| 23:30 | Build | Farm |
| 23:38 | Build | Farm |
| 23:39 | Build | Farm |
| 23:42 | Queue | Huskarl |
| 23:48 | Queue | Villager (Male) |
| 23:49 | Queue | Villager (Male) |
| 23:49 | Queue | Villager (Male) |
| 23:55 | Build | Farm |
| 23:59 | Queue | Huskarl |
| 24:28 | Queue | Huskarl |
| 24:31 | Queue | Villager (Male) |
| 24:32 | Queue | Villager (Male) |
| 24:32 | Queue | Villager (Male) |
| 24:41 | Build | Farm |
| 24:44 | Queue | Villager (Male) |
| 24:44 | Queue | Villager (Male) |
| 24:48 | Build | Farm |
| 24:52 | Build | Farm |
Build order — Contadinu(?)
First 150 of 306 actions detected
| 0:01 | Queue | Villager (Male) |
| 0:01 | Queue | Villager (Male) |
| 0:09 | Queue | Villager (Male) |
| 0:14 | Research | Loom |
| 0:20 | Queue | Villager (Male) |
| 0:23 | Queue | Villager (Male) |
| 0:23 | Queue | Villager (Male) |
| 0:24 | Queue | Villager (Male) |
| 0:57 | Build | Palisade Wall |
| 1:49 | Queue | Villager (Male) |
| 1:50 | Queue | Villager (Male) |
| 2:34 | Queue | Villager (Male) |
| 2:34 | Queue | Villager (Male) |
| 2:44 | Queue | Villager (Male) |
| 2:45 | Queue | Villager (Male) |
| 3:27 | Queue | Villager (Male) |
| 3:28 | Queue | Villager (Male) |
| 4:01 | Queue | Villager (Male) |
| 4:08 | Queue | Villager (Male) |
| 4:09 | Queue | Villager (Male) |
| 4:09 | Queue | Villager (Male) |
| 4:44 | Queue | Villager (Male) |
| 4:44 | Queue | Villager (Male) |
| 5:03 | Build | Palisade Wall |
| 5:09 | Build | Palisade Wall |
| 5:11 | Queue | Villager (Male) |
| 5:11 | Queue | Villager (Male) |
| 5:19 | Build | Palisade Wall |
| 5:20 | Build | Palisade Wall |
| 5:26 | Queue | Villager (Male) |
| 5:36 | Build | Mill |
| 6:17 | Queue | Villager (Male) |
| 6:17 | Queue | Villager (Male) |
| 7:22 | Build | Lumber Camp |
| 7:52 | Queue | Villager (Male) |
| 8:21 | Queue | Villager (Male) |
| 8:26 | Queue | Villager (Male) |
| 8:54 | Build | Mining Camp |
| 9:26 | Research | Feudal Age |
| 11:36 | Age | Feudal Age |
| 11:38 | Queue | Villager (Male) |
| 11:42 | Build | Market |
| 11:44 | Build | Blacksmith |
| 11:48 | Queue | Villager (Male) |
| 12:45 | Research | Castle Age |
| 12:45 | Research | Castle Age |
| 12:57 | Build | Lumber Camp |
| 13:46 | Research | Double-Bit Axe |
| 13:47 | Research | Double-Bit Axe |
| 14:20 | Build | Stone Wall |
| 14:48 | Build | Farm |
| 14:49 | Build | Farm |
| 14:49 | Build | Farm |
| 14:49 | Build | Farm |
| 14:49 | Build | Farm |
| 14:50 | Build | Farm |
| 14:50 | Build | Farm |
| 15:25 | Age | Castle Age |
| 15:27 | Queue | Villager (Male) |
| 15:35 | Build | Town Center |
| 15:40 | Queue | Villager (Male) |
| 15:47 | Build | Stone Wall |
| 15:56 | Build | Outpost |
| 15:58 | Queue | Villager (Male) |
| 15:59 | Build | Farm |
| 16:06 | Queue | Villager (Male) |
| 16:20 | Build | Farm |
| 16:21 | Queue | Villager (Male) |
| 16:29 | Research | Bow Saw |
| 16:29 | Research | Bow Saw |
| 16:44 | Queue | Villager (Male) |
| 16:46 | Build | Farm |
| 17:05 | Build | Stone Wall |
| 17:09 | Queue | Villager (Male) |
| 17:14 | Build | Farm |
| 17:21 | Queue | Villager (Male) |
| 17:41 | Queue | Villager (Male) |
| 18:07 | Build | Town Center |
| 18:10 | Queue | Villager (Male) |
| 18:16 | Queue | Villager (Male) |
| 18:28 | Build | Mining Camp |
| 18:32 | Build | Farm |
| 18:32 | Build | Farm |
| 18:32 | Build | Farm |
| 18:32 | Build | Farm |
| 18:33 | Build | Farm |
| 18:39 | Research | Horse Collar |
| 18:39 | Research | Horse Collar |
| 18:49 | Build | Farm |
| 19:11 | Build | Farm |
| 19:12 | Build | Farm |
| 19:13 | Queue | Villager (Male) |
| 19:18 | Build | Farm |
| 19:19 | Build | Farm |
| 19:19 | Build | Farm |
| 19:19 | Build | Farm |
| 19:19 | Build | Farm |
| 19:20 | Build | Farm |
| 19:22 | Queue | Villager (Male) |
| 19:33 | Build | Farm |
| 19:35 | Queue | Villager (Male) |
| 19:35 | Queue | Villager (Male) |
| 19:52 | Build | Stone Wall |
| 19:54 | Build | Stone Wall |
| 19:55 | Build | Stone Wall |
| 20:00 | Queue | Villager (Male) |
| 20:00 | Queue | Villager (Male) |
| 20:03 | Build | Farm |
| 20:04 | Build | Farm |
| 20:05 | Queue | Villager (Male) |
| 20:09 | Build | Farm |
| 20:27 | Queue | Villager (Male) |
| 20:27 | Queue | Villager (Male) |
| 20:31 | Build | Farm |
| 20:31 | Build | Farm |
| 20:31 | Build | Farm |
| 20:31 | Build | Farm |
| 20:32 | Build | Farm |
| 20:38 | Queue | Villager (Male) |
| 20:41 | Build | Farm |
| 20:42 | Queue | Villager (Male) |
| 20:54 | Research | Wheelbarrow |
| 20:55 | Research | Wheelbarrow |
| 20:59 | Queue | Villager (Male) |
| 21:00 | Queue | Villager (Male) |
| 21:06 | Build | Farm |
| 21:07 | Queue | Villager (Male) |
| 21:07 | Queue | Villager (Male) |
| 21:17 | Build | Farm |
| 21:18 | Queue | Villager (Male) |
| 21:18 | Queue | Villager (Male) |
| 21:21 | Queue | Villager (Male) |
| 21:30 | Queue | Villager (Male) |
| 21:36 | Queue | Villager (Male) |
| 21:43 | Queue | Villager (Male) |
| 21:49 | Build | Farm |
| 21:54 | Queue | Villager (Male) |
| 21:55 | Queue | Villager (Male) |
| 22:00 | Build | Farm |
| 22:01 | Queue | Villager (Male) |
| 22:02 | Queue | Villager (Male) |
| 22:13 | Build | Siege Workshop |
| 22:14 | Queue | Villager (Male) |
| 22:20 | Queue | Villager (Male) |
| 22:23 | Queue | Villager (Male) |
| 22:27 | Build | Farm |
| 22:33 | Build | Lumber Camp |
| 22:35 | Queue | Villager (Male) |
| 22:35 | Queue | Villager (Male) |
| 22:49 | Research | Town Watch |
Build order — HR Benja23
First 150 of 391 actions detected
| 0:02 | Queue | Villager (Male) ×4 |
| 0:02 | Build | House |
| 0:03 | Build | House |
| 1:19 | Queue | Villager (Male) |
| 1:19 | Queue | Villager (Male) |
| 1:40 | Queue | Villager (Male) |
| 1:47 | Build | Lumber Camp |
| 2:05 | Queue | Villager (Male) |
| 2:06 | Queue | Villager (Male) |
| 2:34 | Queue | Villager (Male) |
| 2:34 | Queue | Villager (Male) |
| 3:11 | Queue | Villager (Male) |
| 3:12 | Queue | Villager (Male) |
| 3:24 | Build | House |
| 3:44 | Queue | Villager (Male) |
| 3:44 | Queue | Villager (Male) |
| 3:56 | Queue | Villager (Male) |
| 4:00 | Build | Mill |
| 4:27 | Queue | Villager (Male) |
| 4:27 | Queue | Villager (Male) |
| 4:50 | Queue | Villager (Male) |
| 5:15 | Build | House |
| 5:23 | Queue | Villager (Male) |
| 5:34 | Build | House |
| 5:36 | Build | Palisade Wall |
| 5:38 | Build | Palisade Wall |
| 5:40 | Queue | Villager (Male) |
| 6:15 | Build | House |
| 6:26 | Queue | Villager (Male) |
| 6:26 | Queue | Villager (Male) |
| 6:34 | Queue | Villager (Male) |
| 6:34 | Queue | Villager (Male) |
| 7:29 | Queue | Villager (Male) |
| 7:38 | Queue | Villager (Male) |
| 7:38 | Queue | Villager (Male) |
| 7:50 | Queue | Villager (Male) |
| 7:50 | Queue | Villager (Male) |
| 7:50 | Queue | Villager (Male) |
| 7:58 | Build | Palisade Wall |
| 7:59 | Build | Palisade Wall |
| 8:08 | Queue | Villager (Male) |
| 8:22 | Build | House |
| 8:23 | Queue | Villager (Male) |
| 8:24 | Queue | Villager (Male) |
| 8:35 | Build | House |
| 9:01 | Build | Mining Camp |
| 9:05 | Research | Feudal Age |
| 10:07 | Build | House |
| 11:29 | Queue | Villager (Male) |
| 11:30 | Queue | Villager (Male) |
| 11:31 | Age | Feudal Age |
| 11:33 | Build | Stone Wall |
| 11:34 | Build | Stone Wall |
| 11:35 | Build | Stone Wall |
| 11:45 | Build | Market |
| 11:47 | Build | Blacksmith |
| 12:17 | Research | Double-Bit Axe |
| 12:22 | Build | Mill |
| 12:25 | Queue | Villager (Male) |
| 12:46 | Research | Castle Age |
| 12:55 | Research | Horse Collar |
| 13:35 | Build | Outpost |
| 14:40 | Queue | Villager (Male) |
| 14:41 | Queue | Villager (Male) |
| 15:30 | Age | Castle Age |
| 15:31 | Build | Town Center |
| 15:34 | Build | Town Center |
| 15:36 | Research | Bow Saw |
| 15:39 | Queue | Villager (Male) |
| 15:40 | Research | Heavy Plow |
| 16:13 | Queue | Villager (Male) |
| 16:27 | Queue | Villager (Male) |
| 16:31 | Build | Monastery |
| 16:43 | Queue | Villager (Male) |
| 16:47 | Build | Farm |
| 16:48 | Build | Farm |
| 16:51 | Queue | Villager (Male) ×2 |
| 16:52 | Queue | Villager (Male) ×2 |
| 17:12 | Build | Farm |
| 17:17 | Queue | Villager (Male) |
| 17:17 | Queue | Villager (Male) |
| 17:21 | Build | Farm |
| 17:24 | Build | Farm |
| 17:25 | Queue | Monk |
| 17:56 | Queue | Villager (Male) |
| 17:56 | Queue | Villager (Male) |
| 17:59 | Build | Farm |
| 18:06 | Queue | Villager (Male) |
| 18:11 | Build | Farm |
| 18:14 | Build | Farm |
| 18:14 | Build | Farm |
| 18:15 | Build | Farm |
| 18:21 | Queue | Villager (Male) |
| 18:22 | Queue | Villager (Male) |
| 18:22 | Queue | Villager (Male) |
| 18:25 | Queue | Monk |
| 18:39 | Build | Farm |
| 18:40 | Build | Farm |
| 18:45 | Queue | Villager (Male) ×2 |
| 18:45 | Queue | Villager (Male) ×2 |
| 18:49 | Queue | Villager (Male) ×2 |
| 18:50 | Queue | Villager (Male) ×2 |
| 19:03 | Build | Farm |
| 19:06 | Build | Farm |
| 19:07 | Build | Farm |
| 19:09 | Build | Farm |
| 19:10 | Build | Farm |
| 19:12 | Build | Farm |
| 19:15 | Queue | Villager (Male) |
| 19:24 | Queue | Villager (Male) |
| 19:24 | Queue | Villager (Male) |
| 19:27 | Build | Farm |
| 19:27 | Build | Farm |
| 20:00 | Build | Farm |
| 20:00 | Build | Farm |
| 20:02 | Build | Farm |
| 20:04 | Build | Farm |
| 20:06 | Queue | Villager (Male) ×5 |
| 20:13 | Queue | Villager (Male) ×4 |
| 20:14 | Queue | Villager (Male) ×4 |
| 20:17 | Build | Farm |
| 20:18 | Build | Farm |
| 20:22 | Build | Farm |
| 20:23 | Build | Farm |
| 20:26 | Build | Farm |
| 20:31 | Build | Siege Workshop |
| 20:38 | Queue | Villager (Male) ×3 |
| 20:44 | Build | Farm |
| 20:47 | Queue | Villager (Male) |
| 20:47 | Queue | Villager (Male) |
| 20:53 | Build | House |
| 20:54 | Build | House |
| 21:10 | Queue | Villager (Male) |
| 21:11 | Queue | Villager (Male) |
| 21:11 | Queue | Villager (Male) |
| 21:27 | Build | Town Center |
| 21:30 | Queue | Villager (Male) |
| 21:34 | Research | Wheelbarrow |
| 21:38 | Build | Lumber Camp |
| 21:40 | Queue | Villager (Male) |
| 21:41 | Queue | Villager (Male) |
| 21:41 | Queue | Villager (Male) |
| 21:42 | Queue | Villager (Male) |
| 21:47 | Queue | Monk |
| 21:53 | Queue | Mangonel |
| 21:56 | Queue | Villager (Male) |
| 21:56 | Queue | Villager (Male) |
| 22:04 | Queue | Villager (Male) |
| 22:04 | Queue | Villager (Male) |
| 22:05 | Queue | Villager (Male) |
Build order — 张横
8 actions detected in the replay
| 0:01 | Queue | Villager (Male) |
| 0:02 | Queue | Villager (Male) |
| 0:02 | Queue | Villager (Male) |
| 0:02 | Queue | Villager (Male) |
| 0:02 | Queue | Villager (Male) |
| 0:03 | Queue | Villager (Male) |
| 0:04 | Build | House |
| 0:05 | Build | House |
Match timeline
| 0:57 | Contadinu(?) · wall_segment Palisade Wall x12 |
| 1:22 | 张横 · resign |
| 5:03 | Contadinu(?) · wall_segment Palisade Wall x5 |
| 5:09 | Contadinu(?) · wall_segment Palisade Wall x5 |
| 5:19 | Contadinu(?) · wall_segment Palisade Wall x1 |
| 5:20 | Contadinu(?) · wall_segment Palisade Wall x1 |
| 5:36 | HR Benja23 · wall_segment Palisade Wall x3 |
| 5:38 | HR Benja23 · wall_segment Palisade Wall x5 |
| 5:40 | QNA | Apachai Hopachai · first_building Barracks |
| 5:43 | Dangio · wall_segment Palisade Wall x5 |
| 5:50 | Dangio · wall_segment Palisade Wall x9 |
| 7:03 | NPG | Joako · first_building Barracks |
| 7:58 | HR Benja23 · wall_segment Palisade Wall x4 |
| 7:59 | HR Benja23 · wall_segment Palisade Wall x5 |
| 9:46 | QNA | Apachai Hopachai · age_up feudal |
| 9:48 | NPG | Joako · age_up feudal |
| 10:14 | Dangio · wall_segment Palisade Wall x10 |
| 10:30 | Dangio · wall_segment Palisade Wall x9 |
| 10:34 | Dangio · age_up feudal |
| 10:53 | Dangio · wall_segment Stone Wall x11 |
| 11:09 | Sebastianquijanog · age_up feudal |
| 11:15 | Dangio · wall_segment Stone Wall x10 |
| 11:31 | HR Benja23 · age_up feudal |
| 11:33 | HR Benja23 · wall_segment Stone Wall x4 |
| 11:34 | HR Benja23 · wall_segment Stone Wall x1 |
| 11:35 | HR Benja23 · wall_segment Stone Wall x5 |
| 11:36 | Contadinu(?) · age_up feudal |
| 12:28 | QNA | Apachai Hopachai · first_building Archery Range |
| 12:40 | QNA | Apachai Hopachai · wall_segment Stone Wall x8 |
| 12:42 | QNA | Apachai Hopachai · wall_segment Stone Wall x5 |
| 12:44 | QNA | Apachai Hopachai · wall_segment Stone Wall x1 |
| 13:29 | Sebastianquijanog · first_building Barracks |
| 14:20 | Contadinu(?) · wall_segment Stone Wall x10 |
| 14:39 | Sebastianquijanog · age_up castle |
| 14:39 | Sebastianquijanog · first_building Archery Range |
| 14:42 | Sebastianquijanog · first_building Monastery |
| 15:25 | Contadinu(?) · age_up castle |
| 15:29 | Dangio · wall_segment Stone Wall x1 |
| 15:30 | HR Benja23 · age_up castle |
| 15:33 | HR Benja23 · first_market_buy 100 stone |
| 15:35 | Sebastianquijanog · first_market_buy 100 wood |
| 15:47 | Contadinu(?) · wall_segment Stone Wall x6 |
| 16:31 | HR Benja23 · first_building Monastery |
| 17:05 | Contadinu(?) · wall_segment Stone Wall x7 |
| 18:00 | Contadinu(?) · first_market_sell 100 wood |
| 18:01 | Contadinu(?) · first_market_buy 100 stone |
| 18:32 | Sebastianquijanog · first_building Siege Workshop |
| 19:12 | Dangio · first_building Barracks |
| 19:15 | NPG | Joako · age_up castle |
| 19:20 | NPG | Joako · first_building Castle |
| 19:52 | Contadinu(?) · wall_segment Stone Wall x4 |
| 19:54 | Contadinu(?) · wall_segment Stone Wall x5 |
| 19:55 | Contadinu(?) · wall_segment Stone Wall x2 |
| 20:31 | HR Benja23 · first_building Siege Workshop |
| 20:38 | NPG | Joako · first_market_buy 100 wood |
| 20:54 | QNA | Apachai Hopachai · wall_segment Stone Wall x6 |
| 21:13 | QNA | Apachai Hopachai · wall_segment Stone Wall x17 |
| 21:55 | Dangio · first_market_sell 100 wood |
| 22:13 | Contadinu(?) · first_building Siege Workshop |
| 22:49 | QNA | Apachai Hopachai · wall_segment Stone Wall x1 |
| 23:11 | Contadinu(?) · wall_segment Stone Wall x12 |
| 23:49 | HR Benja23 · first_building Barracks |
| 24:40 | HR Benja23 · first_building Archery Range |
| 25:02 | Dangio · age_up castle |
| 25:08 | Dangio · first_building Castle |
| 25:16 | Sebastianquijanog · first_building Stable |
| 25:28 | Dangio · first_building Monastery |
| 25:35 | Dangio · wall_segment Palisade Wall x1 |
| 25:36 | Contadinu(?) · wall_segment Stone Wall x4 |
| 25:38 | Dangio · wall_segment Palisade Wall x1 |
| 25:38 | Contadinu(?) · wall_segment Stone Wall x5 |
| 25:40 | Dangio · wall_segment Palisade Wall x1 |
| 25:41 | Contadinu(?) · wall_segment Stone Wall x9 |
| 26:10 | QNA | Apachai Hopachai · age_up castle |
| 26:13 | QNA | Apachai Hopachai · first_building Castle |
| 26:20 | QNA | Apachai Hopachai · first_building Siege Workshop |
| 26:43 | Contadinu(?) · first_building Barracks |
| 27:04 | QNA | Apachai Hopachai · first_market_sell 100 wood |
| 27:08 | QNA | Apachai Hopachai · first_market_buy 100 food |
| 27:14 | HR Benja23 · first_building Castle |
| 27:45 | Contadinu(?) · wall_segment Stone Wall x1 |
| 28:01 | HR Benja23 · age_up imperial |
| 28:02 | Contadinu(?) · first_building Stable |
| 28:32 | Contadinu(?) · wall_segment Stone Wall x10 |
| 29:04 | NPG | Joako · first_building Monastery |
| 29:29 | Dangio · first_market_buy 100 food |
| 29:42 | Contadinu(?) · wall_segment Stone Wall x1 |
| 29:50 | Dangio · wall_segment Stone Wall x3 |
| 29:54 | Dangio · wall_segment Stone Wall x5 |
| 30:24 | Contadinu(?) · wall_segment Stone Wall x16 |
| 30:32 | QNA | Apachai Hopachai · age_up imperial |
| 30:41 | NPG | Joako · first_market_sell 100 stone |
| 30:48 | Contadinu(?) · age_up imperial |
| 31:02 | HR Benja23 · first_building Stable |
| 31:16 | Sebastianquijanog · wall_segment Stone Wall x9 |
| 32:52 | Dangio · first_building Siege Workshop |
| 33:23 | Dangio · age_up imperial |
| 36:13 | Contadinu(?) · first_building Castle |
| 37:13 | NPG | Joako · age_up imperial |
[ AI ANALYSIS · 1 CREDIT ]
What really happened in this match?
Wolo.gg analyzes every decision: build order, eco, micro, common mistakes by bracket. Personalized analysis on WhatsApp or Discord in 30 seconds.
Civ guide
Berbers
Perfil
Jugador #21813191